 Dungeon Crawl Stone Soup version 0.29.0-15-g675c0067aa (webtiles) character file.

Game seed: 4199497948623376803

1705 qw the Cleaver (level 8, -7/62 (70) HPs)
             Began as a Minotaur Berserker on Sept 12, 2022.
             Was a Priest of Trog.
             Mangled by Maggie
             ... wielding a +0 glaive of draining
              (14 damage)
             ... on level 6 of the Dungeon.
             The game lasted 00:01:59 (5888 turns).

qw the Cleaver (Minotaur Berserker)                 Turns: 5888, Time: 00:02:00

HP:   -7/62 (70)    AC: 13    Str: 23    XL:     8   Next: 73%
MP:   0/7           EV:  7    Int:  4    God:    Trog [***...]
Gold: 178           SH:  0    Dex: 11    Spells: 7/7 levels left

rFire   . . .      SeeInvis .   Y - +0 war axe
rCold   . . .      Faith    .   (no shield)
rNeg    + . .      Spirit   +   i - +0 plate armour
rPois   .          Reflect  .   (helmet restricted)
rElec   .          Harm     .   b - scarf {repulsion}
rCorr   .          Rampage  .   e - +0 pair of gloves
Will    .....                   (no boots)
Stlth   ..........              d - amulet of guardian spirit
HPRegen 0.20/turn               h - ring of positive energy
MPRegen 0.10/turn               (no ring)

@: about to teleport, mesmerised, heavily drained, repel missiles
A: horns 2, retaliatory headbutt
a: Renounce Religion, Berserk, Trog's Hand


You were on level 6 of the Dungeon.
You worshipped Trog.
Trog was most pleased with you.
You visited 1 branch of the dungeon, and saw 6 of its levels.
You also visited: Ossuary.

You collected 343 gold pieces.
You spent 165 gold pieces at shops.


Innate Abilities, Weirdness & Mutations

You have a pair of horns on your head.
You reflexively headbutt those who attack you in melee.


   Skills:
 + Level 6.3 Fighting
 - Level 12.0 Axes
 - Level 5.1 Armour
 - Level 2.1 Dodging


You had 7 spell levels left.
You didn't know any spells.
Your spell library was empty.

Inventory:

Hand Weapons
 a - a +1 whip of venom
 Y - a +0 war axe (weapon)
Armour
 b - a scarf of repulsion (worn)
 e - a +0 pair of gloves (worn)
 i - a +0 plate armour (worn)
 p - a +0 cloak
Jewellery
 d - an amulet of guardian spirit (around neck)
 h - a ring of positive energy (left hand)
Scrolls
 c - a scroll of identify
 m - 2 scrolls of teleportation
Potions
 f - a potion of resistance
 g - a potion of curing
 j - a potion of haste
 k - a potion of heal wounds
 q - a potion of might {unknown}

Dungeon Overview and Level Annotations

Branches:
Dungeon (6/15)             Temple (0/1) D:5         Ossuary (visited)

Altars:
Okawaru
Uskayaw

Shops:
D:2 ([   D:5 *

Annotations:
D:6 Maggie


Message History

Maggie is heavily wounded.
Maggie hits you with a +0 glaive of draining.
You partially resist.
You feel drained.
You slash Maggie! You headbutt Maggie, but do no damage.
Maggie is heavily wounded.
Maggie gestures at you while chanting. The bolt of fire hits you!
Maggie hits you with a +0 glaive of draining!
You partially resist.
You feel drained.
You hit Maggie. You headbutt Maggie.
Maggie is severely wounded.
Maggie barely misses you.
You closely miss Maggie.
Maggie is severely wounded.
Maggie hits you with a +0 glaive of draining.
You partially resist.
You feel drained.
You closely miss Maggie.
Maggie is severely wounded.
Maggie hits you with a +0 glaive of draining!
You partially resist.
You feel drained.
Maggie gestures wildly while chanting.
Maggie draws you further into her thrall.
You barely miss Maggie.
Maggie is severely wounded.
Maggie mumbles some strange words.
Maggie draws you further into her thrall.
You hit Maggie but do no damage.
Maggie is severely wounded.
Maggie hits you but does no damage. You partially resist.
You barely miss Maggie. Your headbutt misses Maggie.
Maggie is severely wounded.
Maggie hits you with a +0 glaive of draining.
You partially resist.
You feel drained.
Maggie hits you with a +0 glaive of draining!
You partially resist.
You feel drained.
5888 ||| READING 3 scrolls of teleportation.
As you read the scroll of teleportation, it crumbles to dust.
You feel strangely unstable.
Maggie hits you with a +0 glaive of draining!
You die...

#. ##.#####
#.##......
#.#......##
#.........##
#...........
#........#
#.@.....#
##@..# #...##
#
###.#.####....
..###........
#.#.#.####.##.
#. #<## # #.#
#.# #[.


You could see Maggie (mesmerising, fast).

Vanquished Creatures
  An ice beast (D:5)
  4 elf zombies (Ossuary)
  2 bullfrogs
  3 scorpions (D:5)
  5 wights (D:5)
  3 centaur zombies (Ossuary)
  2 hounds (D:5)
  A jelly (D:6)
  An orc priest (D:5)
  5 human zombies (Ossuary)
  A gnoll bouda (D:5)
  Ijyb (D:5)
  2 iguanas
  2 orc wizards (D:5)
  4 mummies
  4 gnolls (D:5)
  9 adders
  An ufetubus (D:4)
  A worm (D:4)
  4 dart slugs
  2 orcs (D:5)
  8 ball pythons
  6 bats
  6 endoplasms
  A giant cockroach (D:4)
  7 goblins
  5 hobgoblins
  8 jackals
  8 kobolds
  3 quokkas
  2 frilled lizards (D:2)
  6 rats
118 creatures vanquished.

Vanquished Creatures (others)
  A butterfly (D:5)
  2 fungi (D:4)
  5 toadstools (D:4)
8 creatures vanquished.

Grand Total: 126 creatures vanquished

Notes
Turn   | Place    | Note
-------+----------+-------------------------------------------
     0 | D:1      | qw the Minotaur Berserker began the quest for the Orb.
     0 | D:1      | Reached XP level 1. HP: 19/19 MP: 0/0
     0 | D:1      | 0 ||| qw: Version: 0.1-a-119-g272c26d
     0 | D:1      | 0 ||| qw: Game counter: 10797
     0 | D:1      | 0 ||| qw: Always use a shield: true
     0 | D:1      | 0 ||| qw: Do Orc after D:15 true
     0 | D:1      | 0 ||| qw: Do second Lair branch before Depths: true
     0 | D:1      | 0 ||| qw: Lair rune preference: random
     0 | D:1      | 0 ||| qw: Plans: Normal
     0 | D:1      | 0 ||| PLANNING D:1-11
    70 | D:1      | Reached skill level 4 in Axes
    72 | D:1      | Reached XP level 2. HP: 8/26 MP: 1/1
    72 | D:1      | 72 ||| INVOKING Berserk.
   506 | D:1      | 506 ||| Stepping ~*~*~tactically~*~*~ (hiding).
   651 | D:1      | Reached skill level 5 in Axes
   774 | D:1      | Reached XP level 3. HP: 31/31 MP: 2/2
   923 | D:1      | Reached ** piety under Trog
   968 | D:1      | 968 ||| DROPPING +0 club.
  1078 | D:1      | 1078 ||| UPGRADING to +0 leather armour.
  1088 | D:1      | 1088 ||| DROPPING +0 animal skin.
  1089 | D:1      | 1089 ||| UPGRADING to +0 pair of gloves.
  1094 | D:1      | 1094 ||| UPGRADING to +0 chain mail.
  1104 | D:1      | 1104 ||| DROPPING +0 leather armour.
  1105 | D:1      | 1105 ||| UPGRADING to amulet of guardian spirit.
  1110 | D:1      | 1110 ||| UPGRADING to ring of positive energy.
  1111 | D:1      | 1111 ||| DRINKING 2 dark potions.
  1112 | D:1      | 1112 ||| DROPPING potion of flight.
  1146 | D:2      | Found Luliv's Antique Armour Shop.
  1154 | D:2      | 1154 ||| SHOPLISTING buckler (103 gold, have 41).
  1369 | D:2      | 1369 ||| Stepping ~*~*~tactically~*~*~ (stealth).
  1387 | D:2      | Found Edeghuan's Weapon Shoppe.
  1400 | D:2      | 1400 ||| BUYING +0 war axe (45 gold).
  1400 | D:2      | Bought a +0 war axe for 45 gold pieces
  1400 | D:2      | 1400 ||| SWAPPING to +0 war axe.
  1401 | D:2      | 1401 ||| DROPPING +0 hand axe.
  1457 | D:2      | Identified the +1 robe "Fijido" {Dex+3}
  1469 | D:2      | Found a faded altar of an unknown god.
  1494 | D:2      | 1494 ||| DROPPING +0 whip.
  1560 | D:2      | 1560 ||| Stepping ~*~*~tactically~*~*~ (stealth).
  1561 | D:2      | 1561 ||| Stepping ~*~*~tactically~*~*~ (stealth).
  1568 | D:2      | 1568 ||| INVOKING Berserk.
  1569 | D:2      | 1569 ||| INVOKING Berserk.
  1572 | D:2      | HP: 11/46 [poisoned by an adder]
  1575 | D:2      | Reached skill level 6 in Axes
  1575 | D:2      | Reached XP level 4. HP: 13/39 MP: 3/3
  1635 | D:2      | 1635 ||| FLEEEEING.
  1636 | D:2      | 1636 ||| FLEEEEING.
  1637 | D:2      | 1637 ||| FLEEEEING.
  1640 | D:2      | 1640 ||| FLEEEEING.
  1642 | D:2      | 1642 ||| INVOKING Berserk.
  2056 | D:2      | 2056 ||| UPGRADING to scarf of repulsion.
  2061 | D:2      | 2061 ||| UPGRADING to +0 plate armour.
  2071 | D:2      | 2071 ||| DROPPING +0 chain mail.
  2072 | D:2      | 2072 ||| READING scroll labelled PIR ELE ZOJU.
  2360 | D:3      | 2360 ||| Stepping ~*~*~tactically~*~*~ (stealth).
  2520 | D:3      | 2520 ||| Stepping ~*~*~tactically~*~*~ (stealth).
  2525 | D:3      | 2525 ||| FLEEEEING.
  2526 | D:3      | 2526 ||| FLEEEEING.
  2527 | D:3      | 2527 ||| FLEEEEING.
  2528 | D:3      | 2528 ||| FLEEEEING.
  2529 | D:3      | 2529 ||| FLEEEEING.
  2530 | D:3      | 2530 ||| FLEEEEING.
  2531 | D:3      | 2531 ||| FLEEEEING.
  2532 | D:3      | 2532 ||| FLEEEEING.
  2533 | D:3      | 2533 ||| FLEEEEING.
  2534 | D:3      | 2534 ||| FLEEEEING.
  2535 | D:3      | 2535 ||| FLEEEEING.
  2536 | D:3      | 2536 ||| FLEEEEING.
  2537 | D:3      | 2537 ||| FLEEEEING.
  2538 | D:3      | 2538 ||| FLEEEEING.
  2539 | D:3      | 2539 ||| FLEEEEING.
  2540 | D:3      | 2540 ||| FLEEEEING.
  2541 | D:3      | 2541 ||| FLEEEEING.
  2542 | D:3      | 2542 ||| FLEEEEING.
  2543 | D:3      | 2543 ||| FLEEEEING.
  2544 | D:3      | 2544 ||| FLEEEEING.
  2546 | D:3      | 2546 ||| FLEEEEING.
  2547 | D:3      | 2547 ||| FLEEEEING.
  2548 | D:3      | 2548 ||| FLEEEEING.
  2549 | D:3      | 2549 ||| FLEEEEING.
  2550 | D:3      | 2550 ||| FLEEEEING.
  2551 | D:3      | 2551 ||| FLEEEEING.
  2552 | D:3      | 2552 ||| FLEEEEING.
  2553 | D:3      | 2553 ||| FLEEEEING.
  2554 | D:3      | 2554 ||| FLEEEEING.
  2555 | D:3      | 2555 ||| FLEEEEING.
  2556 | D:3      | 2556 ||| FLEEEEING.
  2557 | D:3      | 2557 ||| FLEEEEING.
  2558 | D:3      | 2558 ||| FLEEEEING.
  2559 | D:3      | 2559 ||| FLEEEEING.
  2560 | D:3      | 2560 ||| FLEEEEING.
  3043 | D:3      | 3043 ||| INVOKING Berserk.
  3048 | D:3      | Reached XP level 5. HP: 45/45 MP: 4/4
  3170 | D:3      | Reached skill level 7 in Axes
  3273 | D:3      | 3273 ||| READING scroll labelled BAHAOCWEMNI.
  3274 | D:3      | 3274 ||| READING scroll labelled KUDENAMUXEI.
  3275 | D:3      | 3275 ||| READING scroll labelled LIOPTU TESET.
  3276 | D:3      | 3276 ||| DRINKING 2 puce potions.
  3277 | D:3      | 3277 ||| DROPPING potion of degeneration.
  3312 | D:4      | 3312 ||| PLANNING OSSUARY
  3392 | D:4      | Noticed a +0 spear
  3392 | D:4      | Noticed a +0 dagger
  3393 | D:4      | Noticed a +0 short sword
  3393 | D:4      | Noticed a +0 falchion
  3393 | D:4      | Noticed a +0 spear
  3394 | D:4      | Noticed a +0 falchion
  3394 | D:4      | Noticed a +0 short sword
  3394 | D:4      | Noticed a +0 dagger
  3397 | D:4      | Found a hide-covered altar of Uskayaw.
  3415 | D:4      | Found an iron altar of Okawaru.
  3589 | D:4      | Reached skill level 3 in Armour
  3679 | D:4      | 3679 ||| Stepping ~*~*~tactically~*~*~ (stealth).
  3680 | D:4      | 3680 ||| Stepping ~*~*~tactically~*~*~ (stealth).
  3681 | D:4      | 3681 ||| Stepping ~*~*~tactically~*~*~ (stealth).
  3682 | D:4      | 3682 ||| Stepping ~*~*~tactically~*~*~ (stealth).
  3690 | D:4      | 3690 ||| Stepping ~*~*~tactically~*~*~ (stealth).
  3709 | D:4      | Found a sand-covered staircase.
  3710 | D:4      | 3710 ||| FLEEEEING.
  3713 | D:4      | 3713 ||| FLEEEEING.
  3714 | D:4      | 3714 ||| FLEEEEING.
  3715 | D:4      | 3715 ||| FLEEEEING.
  3716 | D:4      | 3716 ||| FLEEEEING.
  3723 | D:4      | 3723 ||| DROPPING +4 chain mail.
  3724 | D:4      | 3724 ||| READING scroll labelled KASATZ UGEOCS.
  3726 | D:4      | 3726 ||| FLEEEEING.
  3728 | D:4      | 3728 ||| FLEEEEING.
  3755 | Ossuary  | Entered an ossuary
  3831 | Ossuary  | Reached XP level 6. HP: 36/53 MP: 5/5
  3834 | Ossuary  | Reached skill level 8 in Axes
  3954 | Ossuary  | Reached *** piety under Trog
  3964 | Ossuary  | Reached skill level 9 in Axes
  3972 | Ossuary  | Reached XP level 7. HP: 43/60 MP: 4/6
  4200 | Ossuary  | 4200 ||| READING 2 scrolls labelled ELYUBI MOSI.
  4201 | Ossuary  | 4201 ||| READING 4 scrolls labelled WOIHOA XOREMN.
  4205 | Ossuary  | 4205 ||| READING scroll labelled SOAXTOOGEXT.
  4206 | Ossuary  | 4206 ||| DROPPING scroll of poison.
  4219 | D:4      | 4219 ||| PLANNING D:1-11
  4229 | D:4      | 4229 ||| Stepping ~*~*~tactically~*~*~ (hiding).
  4478 | D:5      | Entered Level 5 of the Dungeon
  4497 | D:5      | Reached skill level 10 in Axes
  4656 | D:5      | 4656 ||| Stepping ~*~*~tactically~*~*~ (hiding).
  4663 | D:5      | Reached XP level 8. HP: 60/70 MP: 5/7
  4668 | D:5      | Reached skill level 6 in Fighting
  4739 | D:5      | 4739 ||| Stepping ~*~*~tactically~*~*~ (stealth).
  4743 | D:5      | 4743 ||| Stepping ~*~*~tactically~*~*~ (stealth).
  4745 | D:5      | 4745 ||| Stepping ~*~*~tactically~*~*~ (hiding).
  4749 | D:5      | 4749 ||| Stepping ~*~*~tactically~*~*~ (hiding).
  4753 | D:5      | 4753 ||| INVOKING Berserk.
  4867 | D:5      | Found Wewu's General Store.
  4873 | D:5      | Identified the +4 sling of the Sky {speed, MP+9 Dex+4}
  4887 | D:5      | 4887 ||| BUYING potion of haste (120 gold).
  4887 | D:5      | Bought a potion of haste for 120 gold pieces
  4887 | D:5      | 4887 ||| SHOPLISTING scroll of acquirement (624 gold, have
                  | 152).
  4890 | D:5      | 4890 ||| DRINKING 2 fuming blue potions.
  4891 | D:5      | 4891 ||| READING 3 scrolls of teleportation.
  4966 | D:5      | 4966 ||| FLEEEEING.
  4967 | D:5      | 4967 ||| FLEEEEING.
  4969 | D:5      | 4969 ||| Stepping ~*~*~tactically~*~*~ (hiding).
  4972 | D:5      | 4972 ||| INVOKING Berserk.
  4980 | D:5      | Reached skill level 11 in Axes
  5113 | D:5      | Found a staircase to the Ecumenical Temple.
  5401 | D:5      | 5401 ||| READING scroll labelled ABYETU VUBRA.
  5409 | D:5      | 5409 ||| Stepping ~*~*~tactically~*~*~ (hiding).
  5579 | D:5      | Noticed Ijyb
  5581 | D:5      | 5581 ||| FLEEEEING.
  5582 | D:5      | 5582 ||| FLEEEEING.
  5583 | D:5      | 5583 ||| FLEEEEING.
  5586 | D:5      | 5586 ||| INVOKING Berserk.
  5589 | D:5      | Killed Ijyb
  5694 | D:5      | 5694 ||| DRINKING 2 brown potions.
  5695 | D:5      | 5695 ||| DRINKING 2 amethyst potions.
  5740 | D:5      | 5740 ||| READING 4 scrolls of identify.
  5740 | D:5      | 5740 ||| IDENTIFYING black potion
  5741 | D:5      | 5741 ||| READING 3 scrolls of identify.
  5741 | D:5      | 5741 ||| IDENTIFYING cyan potion
  5742 | D:5      | 5742 ||| READING 2 scrolls of identify.
  5742 | D:5      | 5742 ||| IDENTIFYING orange potion
  5743 | D:5      | 5743 ||| DROPPING potion of brilliance.
  5744 | D:5      | 5744 ||| DROPPING potion of lignification.
  5745 | D:5      | 5745 ||| DROPPING potion of ambrosia.
  5755 | D:6      | 5755 ||| INVOKING Berserk.
  5870 | D:6      | Noticed Maggie
  5875 | D:6      | Reached skill level 12 in Axes
  5887 | D:6      | HP: 7/63 [Maggie/+0 glaive of draining (12)]
  5888 | D:6      | 5888 ||| READING 3 scrolls of teleportation.
  5888 | D:6      | Mangled by Maggie

Levels and vault maps discovered:
D:1:      minmay_arrival_four_circles, layout_basic,
          nicolae_figureground_sparkle
D:2:      layout_basic, dreamdust_ecumenical_altar_angels_and_demons,
          serial_shops, shop, nicolae_shop_bloodbath_and_beyond, minmay_domino_4
D:3:      layout_loops_corners, nicolae_hexahallways
D:4:      layout_rooms, nicolae_uskayaw_en_pointe, okawaru_ov_weapons_minmay,
          gup_ossuary_entry_pyramid, minmay_gold_behind_fungi,
          hangedman_abyss_or_decor_lesser_grid, mrwooster_statue_mirror,
          kennysheep_opposing_triangles
D:5:      layout_rooms, minmay_temple_entry_butterflies, serial_shops,
          nicolae_shop_hallway_plus, lemuel_old_faithful, uniq_ijyb
D:6:      layout_loops_ring, mainiacjoe_overflow_alcove_4,
          makhleb_blood_cavern_becter, serial_shops, shop,
          kennysheep_generic_room_12, uniq_maggie, uniq_prince_ribbit1

Skill      XL: |  1  2  3  4  5  6  7  8 |
---------------+-------------------------+-----
Axes           | 4 5 6 7 9 10 12 | 12.0
Armour         | 3 4 5 |  5.1
Fighting       | 4 5 6 |  6.3
Dodging        | |  2.1

Action                   |  1- 3 |  4- 6 |  7- 9 || total
-------------------------+-------+-------+-------++-------
Melee: Hand axe          |    56 |       |       ||    56
       Punch             |     2 |       |     2 ||     4
       Headbutt          |    10 |    24 |    35 ||    69
       War axe           |    14 |   124 |   136 ||   274
Invok: Berserk           |     2 |     2 |     4 ||     8
  Use: Potion            |     1 |     1 |     3 ||     5
       Scroll            |       |     5 |     9 ||    14
Armor: Animal skin       |     8 |       |       ||     8
       Chain mail        |    12 |     6 |       ||    18
       Plate armour      |       |    40 |    55 ||    95
Dodge: Dodged            |    39 |    28 |    28 ||    95
       Repelled          |       |     2 |       ||     2

Table legend:
 A = Non-vault XP
 B = Vault XP
 C = Vault XP percentage of total XP
 D = Non-vault monster count
 E = Vault monster count
 F = Vault count percentage of total count
                 A         B        C        D         E       F
            +---------+---------+-------+---------+---------+-------
      Total |    1540 |     897 |  36.8 |      93 |      25 |  21.2
            +---------+---------+-------+---------+---------+-------
        D:1 |      52 |       0 |   0.0 |      29 |       0 |   0.0
        D:2 |      16 |      40 |  71.4 |      11 |       4 |  26.7
        D:3 |     110 |       0 |   0.0 |      17 |       0 |   0.0
        D:4 |      26 |      35 |  57.4 |       8 |       5 |  38.5
        D:5 |    1188 |      36 |   2.9 |      25 |       1 |   3.8
        D:6 |     148 |       0 |   0.0 |       3 |       0 |   0.0
    Ossuary |       0 |     786 | 100.0 |       0 |      15 | 100.0
            +---------+---------+-------+---------+---------+-------
